 Dungeon Crawl Stone Soup version 0.28.0-53-g5a82cb258f (webtiles) character file.

Game seed: 13534479155371170131

21 Descartes the Grasshopper (level 3, -2/27 HPs)
             Began as a Formicid Warper on June 16, 2022.
             Killed from afar by a dart slug (4 damage)
             ... with a slug dart
             ... on level 1 of the Dungeon.
             The game lasted 00:01:29 (1207 turns).

Descartes the Grasshopper (Formicid Warper)         Turns: 1207, Time: 00:01:30

Health: -2/27      AC:  3    Str: 17    XL:     3   Next: 5%
Magic:  6/6        EV: 11    Int: 12    God:
Gold:   38         SH:  0    Dex: 10    Spells: 6/6 levels left

rFire   . . .      SeeInvis +   a - +0 hand axe
rCold   . . .      Faith    .   (no shield)
rNeg    . . .      Spirit   .   b - +0 leather armour
rPois   .          Reflect  .   (helmet unavailable)
rElec   .          Harm     .   (no cloak)
rCorr   .          Rampage  .   (no gloves)
Will    .....                   (no boots)
Stlth   +.........              (no amulet)
HPRegen 0.09/turn               (no ring)
MPRegen 0.10/turn               (no ring)

@: mighty
A: permanent stasis, dig shafts and tunnels, antennae 3, four strong arms
a: Dig, Shaft Self


You were on level 1 of the Dungeon.
You visited 1 branch of the dungeon, and saw 1 of its levels.

You collected 38 gold pieces.

Inventory:

Hand Weapons
 a - a +0 hand axe (weapon)
Missiles
 c - 5 boomerangs of dispersal (quivered)
 e - 2 poisoned darts
 f - 33 stones
 h - 12 bolts
Armour
 b - a +0 leather armour (worn)
Scrolls
 d - a scroll of fear {unknown}


   Skills:
 - Level 2.1 Fighting
 + Level 2.3 Axes
 - Level 1.0 Throwing
 + Level 1.7 Armour
 - Level 1.7 Dodging
 + Level 1.2 Shields
 - Level 2.1 Spellcasting
 + Level 3.0 Translocations


You had 6 spell levels left.
You didn't know any spells.
Your spell library contained the following spells:

 Spells                   Type           Power      Damage    Failure   Level
 Gell's Gravitas          Tloc           8%         N/A       28%         3
 Lesser Beckoning         Tloc           8%         N/A       28%         3
 Teleport Other           Tloc           8%         N/A       28%         3
 Manifold Assault         Tloc           8%         N/A       95%         5
 Blink                    Tloc           Unusable   N/A       N/A         2

Dungeon Overview and Level Annotations

Branches:
Dungeon (1/15)

Altars:


Innate Abilities, Weirdness & Mutations

You cannot be hasted, slowed, berserked, paralysed or teleported.
You can dig through walls and to a lower floor.
You have a pair of large antennae on your head. (SInv)
Your four strong arms can wield two-handed weapons with a shield.


Message History

The hobgoblin is heavily wounded.
The hobgoblin barely misses you.
The hobgoblin hits you but does no damage.
You slash the hobgoblin!
You kill the hobgoblin!
Your Translocations skill increases to level 3!
You have reached level 3!
Your experience leads to an increase in your attributes!
Increase (S)trength, (I)ntelligence, or (D)exterity?
You feel stronger. x2
You completely miss the kobold. You punch the kobold.
The kobold is severely wounded.
The kobold barely misses you. The kobold hits you with a +0 whip.
* * * LOW HITPOINT WARNING * * *
You closely miss the kobold.
The kobold is severely wounded.
The kobold hits you with a +0 whip.
* * * LOW HITPOINT WARNING * * *
It was a potion of haste.
Your stasis prevents you from being hasted.
The kobold hits you with a +0 whip.
* * * LOW HITPOINT WARNING * * *
It was a potion of might.
You feel very mighty all of a sudden. The kobold completely misses you.
You barely miss the kobold.
The kobold is severely wounded.
The kobold hits you but does no damage.
You slash the kobold!
You kill the kobold!
The bat hits you.
* * * LOW HITPOINT WARNING * * *
The bat closely misses you.
Items here: ( ) ††.
You hit the bat.
The bat is moderately wounded.
The bat misses you. The dart slug launches a dart at you.
The slug dart hits you.
You die...

..............#..# #.#
#.....).....#..# #.# ##.#
#.#..# #.# ###.##..#####.#..#
#.# ........K..##.#..#######.#
##...{###..>.............#
..#..#...#.##.#...##.#.### ⌠
#..#.⌠.#.##b###.##.#.# #≈
#...#...w.@.....#.#
≈≈≈≈###≈..#####.####.#########
≈≈≈≈≈≈≈≈...# #.# #..........
≈≈≈≈≈≈≈..g# #.# #########..
≈≈≈≈###≈..# #.# ##.. ≈ .#..#
.# ###... ⌠.#..# .# #.....
...#..# .# ###.†...
#.#######.....♣♣


You could see a dart slug and a bat.

Vanquished Creatures
  2 ball pythons (D:1)
  A bat (D:1)
  An endoplasm (D:1)
  A giant cockroach (D:1)
  4 hobgoblins (D:1)
  2 jackals (D:1)
  A quokka (D:1)
  4 kobolds (D:1)
  2 rats (D:1)
18 creatures vanquished.

Notes
Turn   | Place    | Note
-------+----------+-------------------------------------------
     0 | D:1      | Descartes the Formicid Warper began the quest for the Orb.
     0 | D:1      | Reached XP level 1. HP: 16/16 MP: 3/3
   625 | D:1      | Reached XP level 2. HP: 5/22 MP: 5/5
   959 | D:1      | Reached skill level 1 in Shields
  1200 | D:1      | Reached skill level 3 in Translocations
  1200 | D:1      | Reached XP level 3. HP: 13/27 MP: 6/6
  1207 | D:1      | Killed from afar by a dart slug

Illustrated notes

Levels and vault maps discovered:
D:1:      kilobyte_arrival_exit_the_forest, layout_loops_ring,
          shapermc_ecumenical_altar_totnotflames, fountainhead, glass_columns_a

Skill      XL: |  1  2 |
---------------+-------+-----
Shields        | 1 |  1.2
Translocations | 3 |  3.0
Fighting       | |  2.1
Axes           | |  2.3
Throwing       | |  1.0
Armour         | |  1.7
Dodging        | |  1.7
Spellcasting   | |  2.1

Action                   || total
-------------------------++-------
Melee: Hand axe          ||    93
       Punch             ||     1
  Use: Potion            ||     2
Armor: Leather armour    ||    26
Dodge: Dodged            ||    81
